 Dungeon Crawl Stone Soup version 0.27-a0-998-g4cfe56dd59 (webtiles) character file.

Game seed: 13550613613269426494

21 dickylongcocking the Magician (level 2, -3/21 HPs)
             Began as a Djinni Fire Elementalist on Apr 16, 2021.
             Slain by Terence
             ... wielding a +0 flail
              (9 damage)
             ... on level 2 of the Dungeon.
             The game lasted 00:00:33 (965 turns).

dickylongcocking the Magician (DjFE)                 Turns: 965, Time: 00:00:34

Health: -3/21      AC:  2    Str:  7    XL:     2   Next: 87%
Gold:   89         EV: 12    Int: 16    God:
                   SH:  0    Dex: 13

rFire    + + .     SeeInvis .   d - +0 short sword
rCold    x . .     Faith    .   (no shield)
rNeg     . . .     Spirit   .   a - +0 robe
rPois    ∞         Reflect  .   (no helmet)
rElec    .         Harm     .   (no cloak)
rCorr    .         Rampage  .   (no gloves)
Will     .....                  (boots unavailable)
Stlth    ++........             (no amulet)
HPRegen  0.07/turn              (no ring)
MPRegen  0.00/turn              (no ring)

@: flying
A: fire resistance 2, cold vulnerability 1, float, innate caster, hp casting,
extra vitality 1
a: no special abilities


You were on level 2 of the Dungeon.
You visited 1 branch of the dungeon, and saw 2 of its levels.

You collected 89 gold pieces.

Inventory:

Hand Weapons
 d - a +0 short sword (weapon)
Armour
 a - a +0 robe (worn)
Jewellery
 c - an amulet of faith


   Skills:
 + Level 2.3 Dodging
 + Level 1.7 Stealth
 + Level 3.3 Spellcasting


You couldn't memorise any spells.
You knew the following spells:

 Your Spells              Type           Power      Damage    Failure   Level
a - Foxfire               Conj/Fire      52%        2x1d6     4%          1
b - Conjure Flame         Conj/Fire      13%        6-21      14%         3
c - Inner Flame           Hex/Fire       13%        N/A       14%         3
d - Sticky Flame          Conj/Fire      13%        2d4       41%         4
e - Fireball              Conj/Fire      6%         3d5       77%         5
Your spell library was empty.

Dungeon Overview and Level Annotations

Branches:
Dungeon (2/15)

Altars:

Annotations:
D:2 Terence


Innate Abilities, Weirdness & Mutations

You are immune to poison.
Your flesh is very heat resistant. (rF++)
You are vulnerable to cold. (rC-)
You float through the air rather than walking.
You learn spells naturally, not from books.
Your magical power is your life essence.
You have superior vitality. (+4 HP)


Message History

Your foxfire dissipates!
The foxfire hits the endoplasm.
You kill the endoplasm!
Unknown command.
Your foxfire dissipates!
c - an amulet of faith You now have 73 gold pieces (gained 26).
Things that are here:
a +0 short sword; 8 datura-tipped darts
d - a +0 short sword (weapon)
Key pressed, stopping explore.
You are too injured to fight recklessly!
Key pressed, stopping explore.
No target in view!
Key pressed, stopping explore.
No target in view!
You now have 89 gold pieces (gained 16).
Terence the Incautious comes into view.
He is wielding a +0 flail.
Terence shouts!
Terence is nearby!
A kobold comes into view.
It is wielding a +0 short sword and quivering poisoned darts.
There are monsters nearby!
Terence hits you with a +0 flail.
You conjure some foxfire!
Terence hits you with a +0 flail.
Unknown command.
Casting: Foxfire (safe; 4% risk of failure)
Confirm with . or Enter, or press ? or * to list all spells.
You conjure some foxfire!
Terence hits you with a +0 flail!
* * * LOW HITPOINT WARNING * * *
Unknown command.
Unknown command.
Your foxfire dissipates!
The foxfire hits Terence but does no damage.
The foxfire hits Terence.
Terence is moderately wounded.
The foxfire hits Terence.
Terence is heavily wounded.
It was a potion of magic.
Magic courses through your body. Terence hits you with a +0 flail!
You die...

.>................#
........##....###.#.#
........##.....# .' .
...#..#.###....####.#
.. #'##..#
#......'..... ...
#.## .# #.#....###.##
.... #.# .#
#.#<....##.# .....
#.#
#.#.....##.###......
#..
.........@@K.........
...
...##.##.#..#####....
### .... #....#..# #
... ######..# #. ...#
##.## #.# #.#


You could see Terence and a kobold.

Vanquished Creatures
  A white imp (D:2)
  A bat (D:1)
  3 endoplasms (D:2)
  A goblin (D:1)
  A hobgoblin (D:2)
  2 jackals (D:2)
  A quokka (D:2)
  A ball python (D:2)
  A frilled lizard (D:2)
  A kobold (D:2)
13 creatures vanquished.

Vanquished Creatures (others)
  42 foxfires
42 creatures vanquished.

Grand Total: 55 creatures vanquished

Notes
Turn   | Place    | Note
-------+----------+-------------------------------------------
     0 | D:1      | dickylongcocking the Djinni Fire Elementalist began the
                  | quest for the Orb.
     0 | D:1      | Reached XP level 1. HP: 15/15 MP: 0/0
    93 | D:2      | Reached skill level 3 in Spellcasting
    93 | D:2      | Reached XP level 2. HP: 13/21 MP: 0/0
   955 | D:2      | Noticed Terence
   965 | D:2      | Slain by Terence

Illustrated notes

Levels and vault maps discovered:
D:1:      lightli_arrival_noodles, layout_basic,
          chequers_ecumenical_altar_island, serial_shops, shop
D:2:      layout_basic, uniq_terence

Skill      XL: |  1 |
---------------+----+-----
Spellcasting   | 3 |  3.3
Dodging        | |  2.3
Stealth        | |  1.7

Action                   || total
-------------------------++-------
Melee: Unarmed           ||    15
 Cast: Foxfire           ||    26
  Use: Potion            ||     1
Armor: Robe              ||     1
Dodge: Dodged            ||    16

Table legend: (Time is in decaauts)
 A = Elapsed time spent in this place.
 B = Non-inter-level travel time spent in this place.
 C = Inter-level travel time spent in this place.
 D = Time resting spent in this place.
 E = Time spent auto-exploring this place.
 F = Levels seen in this place.
 G = Mean time per level.
                   A        B        C        D        E       F      G
               +--------+--------+--------+--------+--------+-----+--------+
         Total |    964 |    964 |      0 |      0 |    872 |   2 |  482.0 |
       Dungeon |    964 |    964 |      0 |      0 |    872 |   2 |  482.0 |
               +--------+--------+--------+--------+--------+-----+--------+

Top non-repeatable levels by time:
     D:2: 926 daAuts
     D:1: 38 daAuts
